 Dungeon Crawl Stone Soup version 0.29-a0-321-gf1c400731a (webtiles) character file.

Game seed: 16840505589717660547

110 kae the Firebug (level 4, 0/25 HPs)
             Began as a Tengu Fire Elementalist on Apr 4, 2022.
             Slain by an orc
             ... wielding a +2 short sword of electrocution
              (18 damage)
             ... on level 3 of the Dungeon.
             The game lasted 00:01:15 (2443 turns).

kae the Firebug (Tengu Fire Elementalist)           Turns: 2443, Time: 00:01:15

Health: 0/25       AC:  3    Str:  8    XL:     4   Next: 91%
Magic:  5/8        EV: 13    Int: 17    God:
Gold:   192        SH:  0    Dex: 15    Spells: 1/7 levels left

rFire   . . .      SeeInvis .   d - +0 whip (venom)
rCold   . . .      Faith    .   (no shield)
rNeg    . . .      Spirit   .   a - +0 robe
rPois   .          Reflect  .   (helmet restricted)
rElec   .          Harm     .   (no cloak)
rCorr   .          Rampage  .   f - +0 pair of gloves
Will    .....                   (boots unavailable)
Stlth   ++........              (no amulet)
HPRegen 0.08/turn               (no ring)
MPRegen 0.11/turn               (no ring)

@: no status effects
A: beak, talons 3
a: no special abilities


You were on level 3 of the Dungeon.
You visited 1 branch of the dungeon, and saw 3 of its levels.

You collected 192 gold pieces.

Inventory:

Hand Weapons
 d - a +0 whip of venom (weapon)
Armour
 a - a +0 robe (worn)
 f - a +0 pair of gloves (worn)
Jewellery
 k - an amulet of magic regeneration
 m - an amulet of reflection
Scrolls
 i - 3 scrolls of teleportation
 j - a scroll of blinking
Potions
 b - a potion of magic
 c - 2 potions of degeneration
 e - a potion of curing
 g - 2 potions of attraction {unknown}
 h - a potion of cancellation {unknown}
 l - a potion of heal wounds {unknown}


   Skills:
 + Level 1.3 Fighting
 + Level 1.4 Armour
 + Level 2.8 Dodging
 - Level 2.0 Stealth
 + Level 2.3 Spellcasting
 + Level 2.5 Conjurations
 * Level 4.3 Fire Magic


You had one spell level left.
You knew the following spells:

 Your Spells              Type           Power      Damage    Failure   Level
a - Foxfire               Conj/Fire      52%        2x1d6     4%          1
b - Scorch                Fire           32%        2d6       4%          2
c - Conjure Flame         Conj/Fire      13%        6-21      14%         3

Your spell library contained the following spells:

 Spells                   Type           Power      Damage    Failure   Level
 Inner Flame              Hex/Fire       9%         N/A       22%         3
 Flame Wave               Conj/Fire      13%        2d6       41%         4


Dungeon Overview and Level Annotations

Branches:
Dungeon (3/15)

Altars:
Dithmenos

Shops:
D:1 =


Innate Abilities, Weirdness & Mutations

You have a beak for a mouth.
You have claws for feet.


Message History

A ball python and an adder come into view.
Found a leather armour and 13 gold pieces.
There are monsters nearby!
Casting: Foxfire (safe; 4% risk of failure)
Confirm with . or Enter, or press ? or * to list all spells.
You conjure some foxfire!
The ball python hisses angrily.
You hear a shout!
The adder hisses angrily.
A goblin comes into view. It is wielding a +0 dagger.
An orc comes into view.
It is wielding a +2 short sword of electrocution.
The foxfire hits the ball python.
You kill the ball python!
The foxfire hits the adder but does no damage.
Casting: Foxfire (safe; 4% risk of failure)
Confirm with . or Enter, or press ? or * to list all spells.
You conjure some foxfire!
The adder closely misses you.
The foxfire hits the adder.
The adder is heavily wounded.
The foxfire hits the adder.
The adder is severely wounded.
The adder barely misses you.
Casting: Foxfire (safe; 4% risk of failure)
Confirm with . or Enter, or press ? or * to list all spells.
You conjure some foxfire!
The adder closely misses you. The adder bites you.
The foxfire hits the adder.
The adder is almost dead.
The foxfire hits the adder.
You kill the adder!
Casting: Foxfire (safe; 4% risk of failure)
Confirm with . or Enter, or press ? or * to list all spells.
You conjure some foxfire!
The goblin closely misses you.
The foxfire hits the goblin.
The goblin is heavily wounded.
The foxfire hits the goblin.
You kill the goblin!
You barely miss the orc. You claw the orc.
The orc is moderately wounded.
The orc hits you with a +2 short sword of electrocution.
You are electrocuted!!
Ouch! That really hurt!
You die...

#...........##...
...........###...
..###........'... #
#######[####.###...
#............#.#
#... #.
#.#######.##.#.#
#... #..#...#
#.....#.# #...
#....#§####.###.#.#
####
#....§.@....###.#.#
#...###o###..####.#
#.. ... ##......#
#. .#.#. #.###### #
.#$#[#.+.# #. # #
.#.# # #.# ..# .##


You could see an orc.

Vanquished Creatures
  An orc wizard (D:3)
  4 adders
  A dart slug (D:2)
  4 orcs (D:3)
  2 bats
  An endoplasm (D:1)
  2 giant cockroaches
  6 goblins
  4 hobgoblins
  4 jackals (D:1)
  A quokka (D:2)
  5 ball pythons
  3 frilled lizards
  A kobold (D:1)
  4 rats
43 creatures vanquished.

Vanquished Creatures (others)
  113 foxfires
113 creatures vanquished.

Grand Total: 156 creatures vanquished

Notes
Turn   | Place    | Note
-------+----------+-------------------------------------------
     0 | D:1      | kae the Tengu Fire Elementalist began the quest for the
                  | Orb.
     0 | D:1      | Reached XP level 1. HP: 10/10 MP: 4/4
   171 | D:1      | Reached XP level 2. HP: 13/15 MP: 3/6
   335 | D:1      | Found Jygrow's Jewellery Shop.
  1011 | D:2      | Found a shadowy altar of Dithmenos.
  1104 | D:2      | Reached XP level 3. HP: 20/20 MP: 5/7
  1107 | D:2      | Learned a level 2 spell: Scorch
  1111 | D:2      | Learned a level 3 spell: Conjure Flame
  1141 | D:2      | Reached skill level 1 in Armour
  1598 | D:2      | Reached skill level 4 in Fire Magic
  1808 | D:2      | Reached XP level 4. HP: 24/24 MP: 4/8
  1931 | D:2      | Reached skill level 1 in Fighting
  2170 | D:3      | Found a faded altar of an unknown god.
  2443 | D:3      | Slain by an orc

Illustrated notes

Levels and vault maps discovered:
D:1:      elethiomel_arrival_shortcut, layout_loops_ring, serial_shops,
          nicolae_shop_statue_plus
D:2:      layout_loops_corners, basic_altar
D:3:      layout_basic, lemuel_zombie_altar_yredelemnul,
          ebering_ecumenical_altar_abandoned, minmay_box_of_dots

Skill      XL: |  1  2  3  4 |
---------------+-------------+-----
Armour         | 1 |  1.4
Conjurations   | 2 |  2.5
Fire Magic     | 4 |  4.3
Fighting       | 1 |  1.3
Dodging        | |  2.8
Stealth        | |  2.0
Spellcasting   | |  2.3

Action                   |  1- 3 |  4- 6 || total
-------------------------+-------+-------++-------
Melee: Whip              |    28 |     5 ||    33
       Kick              |     3 |     4 ||     7
       Peck              |     4 |       ||     4
 Cast: Foxfire           |    40 |    27 ||    67
  Use: Scroll            |     3 |     2 ||     5
Armor: Robe              |    11 |       ||    11
Dodge: Dodged            |    27 |     8 ||    35

Table legend: (Time is in decaauts)
 A = Elapsed time spent in this place.
 B = Non-inter-level travel time spent in this place.
 C = Inter-level travel time spent in this place.
 D = Time resting spent in this place.
 E = Time spent auto-exploring this place.
 F = Levels seen in this place.
 G = Mean time per level.
                   A        B        C        D        E       F      G
               +--------+--------+--------+--------+--------+-----+--------+
         Total |   2445 |   2393 |     52 |      0 |   2090 |   3 |  815.0 |
       Dungeon |   2445 |   2393 |     52 |      0 |   2090 |   3 |  815.0 |
               +--------+--------+--------+--------+--------+-----+--------+

Top non-repeatable levels by time:
     D:2: 1184 daAuts
     D:1: 875 daAuts
     D:3: 384 daAuts
